 Dungeon Crawl Stone Soup version 0.31-a0-237-g2d982f9f85 (webtiles) character file.

Game seed: 17571144731810751536

362 qw the Shooter (level 6, -1/37 HPs)
             Began as a Gargoyle Hexslinger on July 11, 2023.
             Slain by an orc
             ... wielding a +0 club
              (3 damage)
             ... on level 5 of the Dungeon.
             The game lasted 00:01:26 (2966 turns).

qw the Shooter (Gargoyle Hexslinger)                Turns: 2966, Time: 00:01:26

Health: -1/37      AC: 18    Str: 12    XL:     6   Next: 66%
Magic:  7/7        EV: 10    Int: 13    God:
Gold:   1125       SH:  0    Dex: 14    Spells: 6/7 levels left

rFire   . . .        Y - +2 sling (drain)
rCold   . . .        (no shield)
rNeg    + . .        a - +0 ring mail
rPois   inf          n - +0 helmet
rElec   +            k - +0 cloak
rCorr   .            m - +0 pair of gloves
SInv    .            i - +0 pair of boots
Will    .....        (no amulet) Stlth
                     g - +4 ring of protection
HPRegen 0.26/turn    (no ring)
MPRegen 0.10/turn

%: no passive effects
@: confused
A: sickness immunity, AC +4, negative energy resistance 1, electricity
resistance, torment resistance 1, petrification resistance
a: no special abilities


You were on level 5 of the Dungeon.
You visited 1 branch of the dungeon, and saw 5 of its levels.

You collected 1196 gold pieces.
You spent 71 gold pieces at shops.


Innate Abilities, Weirdness & Mutations

You are immune to sickness and miasma.
Your stone body is resilient. (AC +4)
You are immune to poison.
You resist negative energy. (rN+)
You are resistant to electric shocks. (rElec)
You are resistant to unholy torment.
You are immune to petrification.


   Skills:
 - Level 3.4 Fighting
 + Level 5.1 Ranged Weapons
 - Level 3.2 Armour
 - Level 1.5 Dodging
 - Level 1.0 Spellcasting
 - Level 2.6 Hexes


You had 6 spell levels left.
You knew the following spells:

 Your Spells              Type           Power      Damage    Failure   Level
a - Slow                  Hex            28%        N/A       21%         1

Your spell library contained the following spells:

 Spells                   Type           Power      Damage    Failure   Level
 Inner Flame              Hex/Fire       4%         N/A       71%         3
 Portal Projectile        Hex/Tloc       8%         N/A       71%         3
 Cause Fear               Hex            3%         N/A       89%         4

Inventory:

Hand Weapons
 Y - a +2 sling of draining (weapon)
Armour
 a - a +0 ring mail (worn)
 i - a +0 pair of boots (worn)
 k - a +0 cloak (worn)
 m - a +0 pair of gloves (worn)
 n - a +0 helmet (worn)
Jewellery
 g - a +4 ring of protection (left hand)
Scrolls
 b - a scroll of silence {unknown}
 c - a scroll of identify
 e - 2 scrolls of teleportation
Potions
 f - a potion of curing {unknown}
 h - a potion of might {unknown}
 j - a potion of cancellation {unknown}
 l - a potion of enlightenment {unknown}

Dungeon Overview and Level Annotations

Branches:
Dungeon (5/15)
 Temple: D:4-7

Altars:
Kikubaaqudgha

Shops:
D:2 ?   D:4 [

Portals:
Abyss: D:3

Annotations:
D:3 2 transporters


Message History

You hear some strange, mumbled words.
You are more confused.
The orc closely misses you. The orc misses you.
An orc wizard appears from thin air!
Reactivating autopickup.
The orc wizard hits you with a +0 dagger.
The orc closely misses you. x2
The orc wizard hits you but does no damage.
The orc hits you but does no damage. x2
The orc wizard hits you but does no damage.
The orc hits you but does no damage. x2
The orc wizard completely misses you. The orc hits you but does no damage. x2
The orc wizard points at you and mumbles some strange words.
You are more confused.
The orc hits you but does no damage. The orc barely misses you.
The orc wizard hits you but does no damage.
The orc barely misses you. The orc hits you but does no damage.
The orc wizard hits you but does no damage.
The orc hits you but does no damage. x2
The orc wizard mumbles some strange words.
The orc wizard flickers and vanishes!
Deactivating autopickup; reactivate with Ctrl-A.
The orc hits you but does no damage. The orc barely misses you.
Something hits you but does no damage. The orc hits you but does no damage.
The orc barely misses you. Something hits you but does no damage.
The orc hits you but does no damage. x2
Something hits you but does no damage. The orc hits you but does no damage. x2
Something hits you but does no damage. The orc hits you but does no damage. x2
Something hits you but does no damage. The orc closely misses you.
The orc barely misses you. Something hits you.
The orc hits you but does no damage. x2
You hear some strange, mumbled words.
You are more confused.
The orc barely misses you. The orc hits you with a +0 club.
Something hits you but does no damage. The orc misses you.
The orc hits you but does no damage. Something hits you but does no damage.
The orc hits you but does no damage. x2
Something hits you but does no damage. The orc hits you but does no damage.
The orc hits you with a +0 club.
You die...

...# ###...
.##.... # .>...
#.. ##... ..
#..##...##
..###...o){.#
...#....o@..###
....#####....#
#...........# ..
#........#.## ....
#.##%....### ....
#.......## ....#
##.###.#.#
.....####..###.###
......#.....####


You could see 2 orcs.

Vanquished Creatures
  An orc warrior (D:5)
  A scorpion (D:5)
  A vampire bat (D:3)
  A hound (D:5)
  An iguana (D:4)
  An adder (D:2)
  3 worms (D:4)
  4 dart slugs
  8 ball pythons
  5 bats
  3 bat skeletons (D:3)
  4 bat zombies (D:3)
  10 endoplasms
  A giant cockroach (D:3)
  12 goblins
  5 hobgoblins
  3 jackals (D:3)
  5 quokkas
  5 frilled lizards
  8 kobolds
  6 rats
88 creatures vanquished.

Notes
Turn   | Place    | Note
-------+----------+-------------------------------------------
     0 | D:1      | qw the Gargoyle Hexslinger began the quest for the Orb.
     0 | D:1      | Reached XP level 1. HP: 12/12 MP: 2/2
     0 | D:1      | 0 ||| qw: Version: 0.3-a-52-g30416fa
     0 | D:1      | 0 ||| qw: Game counter: 5736
     0 | D:1      | 0 ||| qw: Melee chars always use a shield: true
     0 | D:1      | 0 ||| qw: God list: Okawaru
     0 | D:1      | 0 ||| qw: Allow faded altars: false
     0 | D:1      | 0 ||| qw: Do Orc after clearing Dungeon:15 true
     0 | D:1      | 0 ||| qw: Do second Lair branch before Depths: true
     0 | D:1      | 0 ||| qw: Lair rune preference: random
     0 | D:1      | 0 ||| qw: Goals: Normal
     0 | D:1      | 0 ||| PLANNING D:1-11
    76 | D:1      | Reached XP level 2. HP: 16/16 MP: 3/3
   203 | D:1      | Reached skill level 3 in Ranged Weapons
   421 | D:1      | Found a faded altar of an unknown god.
   428 | D:1      | Reached XP level 3. HP: 21/21 MP: 4/4
   961 | D:1      | 961 ||| UPGRADING to +0 leather armour.
   971 | D:1      | 971 ||| DROPPING +0 robe.
   972 | D:1      | 972 ||| UPGRADING to +4 ring of protection.
   973 | D:1      | 973 ||| READING scroll labelled VETITU XOKLO.
   974 | D:1      | 974 ||| READING scroll labelled EDDADW DOCUI.
   975 | D:1      | 975 ||| DROPPING scroll of poison.
  1028 | D:2      | Found Tuufum's Magic Scroll Shoppe.
  1032 | D:2      | 1032 ||| SHOPLISTING scroll of brand weapon (123 gold, have
                  | 49).
  1032 | D:2      | 1032 ||| SHOPLISTING scroll of enchant weapon (97 gold,
                  | have 49).
  1032 | D:2      | 1032 ||| BUYING scroll of identify (26 gold).
  1032 | D:2      | Bought a scroll of identify for 26 gold pieces
  1032 | D:2      | 1032 ||| SHOPLISTING scroll of teleportation (39 gold, have
                  | 23).
  1227 | D:2      | 1227 ||| FLEEEEING.
  1446 | D:2      | Reached skill level 4 in Ranged Weapons
  1446 | D:2      | Reached XP level 4. HP: 26/26 MP: 5/5
  1661 | D:2      | 1661 ||| UPGRADING to +0 ring mail.
  1671 | D:2      | 1671 ||| DROPPING +0 leather armour.
  1672 | D:2      | 1672 ||| UPGRADING to +0 pair of boots.
  1677 | D:2      | 1677 ||| UPGRADING to +0 cloak.
  1682 | D:2      | 1682 ||| READING 3 scrolls labelled ZULUWE ZYISUN.
  1683 | D:2      | 1683 ||| READING scroll labelled ARENIA DIOSHASMOEFF.
  1688 | D:2      | 1688 ||| READING scroll labelled NABBASHR GASTRU.
  1689 | D:2      | 1689 ||| DROPPING 2 scrolls of fear.
  1810 | D:3      | Found a transporter.
  1816 | D:3      | Noticed an ancient zyme
  1822 | D:3      | Noticed a small abomination
  1834 | D:3      | Reached skill level 1 in Armour
  2096 | D:3      | Found a one-way gate to the infinite horrors of the Abyss.
  2102 | D:3      | Found a transporter.
  2313 | D:3      | Found an ancient bone altar of Kikubaaqudgha.
  2325 | D:3      | Reached XP level 5. HP: 30/30 MP: 6/6
  2390 | D:3      | 2390 ||| UPGRADING to +0 pair of gloves.
  2395 | D:3      | 2395 ||| READING scroll labelled CEGGIE NEROM.
  2395 | D:3      | Identified a scroll of acquirement
  2395 | D:3      | 2395 ||| ACQUIRING 1015 gold pieces
  2395 | D:3      | Acquired 1015 gold pieces
  2397 | D:3      | 2397 ||| READING scroll labelled GANUSU XUXTOSA.
  2436 | D:4      | 2436 ||| FLEEEEING.
  2437 | D:4      | 2437 ||| FLEEEEING.
  2438 | D:4      | 2438 ||| FLEEEEING.
  2439 | D:4      | 2439 ||| FLEEEEING.
  2440 | D:4      | 2440 ||| FLEEEEING.
  2441 | D:4      | 2441 ||| STAIRDANCE
  2456 | D:4      | 2456 ||| STAIRDANCE
  2572 | D:4      | Found Kealuin's Armour Shop.
  2582 | D:4      | 2582 ||| BUYING +0 helmet (45 gold).
  2582 | D:4      | Bought a +0 helmet for 45 gold pieces
  2629 | D:4      | Reached skill level 5 in Ranged Weapons
  2831 | D:4      | 2831 ||| UPGRADING to +0 helmet.
  2836 | D:4      | 2836 ||| READING 3 scrolls of identify.
  2836 | D:4      | 2836 ||| IDENTIFYING viscous orange potion
  2837 | D:4      | 2837 ||| READING 2 scrolls of identify.
  2837 | D:4      | 2837 ||| IDENTIFYING emerald potion
  2838 | D:4      | 2838 ||| DROPPING potion of lignification.
  2839 | D:4      | 2839 ||| DROPPING potion of attraction.
  2866 | D:5      | Entered Level 5 of the Dungeon
  2891 | D:5      | Reached skill level 3 in Fighting
  2891 | D:5      | Reached XP level 6. HP: 36/37 MP: 7/7
  2902 | D:5      | Noticed an orc warrior
  2914 | D:5      | Killed an orc warrior
  2915 | D:5      | Reached skill level 3 in Armour
  2925 | D:5      | HP: 9/37 [something (4)]
  2930 | D:5      | HP: 4/37 [orc/+0 club (3)]
  2935 | D:5      | HP: 3/37 [orc/+0 club (2)]
  2947 | D:5      | HP: 4/37 [orc/+0 club (1)]
  2962 | D:5      | HP: 4/37 [something (3)]
  2966 | D:5      | Slain by an orc

Levels and vault maps discovered:
D:1:      wheals_arrival_shading, layout_loops_corners,
          ebering_ecumenical_altar_ruins, hangedman_decor_lopped,
          minmay_tetromino_i4
D:2:      layout_basic, serial_shops, shop, serial_forest,
          infiniplex_forest_clump_double, infiniplex_forest_lined_3_way,
          infiniplex_forest_fountain, infiniplex_forest_clump_medium,
          infiniplex_forest_zigzag_2, infiniplex_forest_lined_corner,
          minmay_distorted
D:3:      layout_basic, kennysheep_vampire_church,
          gammafunk_ghost_abyssal_escape, hex_large
D:4:      layout_rooms, serial_shops, shop, nicolae_wormholes
D:5:      layout_cave_pools, minmay_temple_entry_tees, serial_shops, shop,
          nicolae_shop_trees, shop

Skill      XL: |  1  2  3  4  5  6 |
---------------+-------------------+-----
Ranged Weapons | 3 4 5 |  5.1
Fighting       | 2 3 |  3.4
Armour         | 1 3 |  3.2
Dodging        | |  1.5
Spellcasting   | |  1.0
Hexes          | |  2.6

Action                     |  1- 3 |  4- 6 || total
---------------------------+-------+-------++-------
   Fire: Sling             |   108 |   149 ||   257
    Use: Scroll            |     2 |     7 ||     9
 Armour: Robe              |    14 |       ||    14
         Leather armour    |     2 |       ||     2
         Ring mail         |       |   161 ||   161
  Dodge: Dodged            |    28 |   127 ||   155

Table legend:
 A = Non-vault XP
 B = Vault XP
 C = Vault XP percentage of total XP
 D = Non-vault monster count
 E = Vault monster count
 F = Vault count percentage of total count
                 A         B        C        D         E       F
            +---------+---------+-------+---------+---------+-------
      Total |     424 |      94 |  18.1 |      72 |      16 |  18.2
            +---------+---------+-------+---------+---------+-------
        D:1 |      35 |       8 |  18.6 |      22 |       3 |  12.0
        D:2 |      50 |       2 |   3.8 |      20 |       2 |   9.1
        D:3 |      29 |      69 |  70.4 |      16 |       8 |  33.3
        D:4 |      56 |      15 |  21.1 |      11 |       3 |  21.4
        D:5 |     254 |       0 |   0.0 |       3 |       0 |   0.0
            +---------+---------+-------+---------+---------+-------
